 Dungeon Crawl Stone Soup version 0.30-a0-728-gc68057be0a (webtiles) character file.

Game seed: 14554431798695357015

947 DeathSun the Cleaver (level 8, 0/54 (64) HPs)
             Began as a Hill Orc Fighter on Jan 30, 2023.
             Slain by a wight
             ... wielding a +5 mace
              (1 damage)
             ... on level 5 of the Dungeon.
             The game lasted 00:07:10 (4808 turns).

DeathSun the Cleaver (Hill Orc Fighter)             Turns: 4808, Time: 00:07:10

HP:   0/54 (64)     AC:  9    Str: 21    XL:     8   Next: 13%
MP:   8/8           EV:  9    Int:  8    God:
Gold: 220           SH:  4    Dex: 10    Spells: 7/7 levels left

rFire   . . .      SeeInvis .    a - +0 war axe
rCold   . . .      Faith    .    c - +0 buckler
rNeg    . . .      Spirit   .    b - +0 scale mail
rPois   .          Reflect  .    (no helmet)
rElec   .          Harm     .    q - +0 cloak
rCorr   +          Rampage  .    t - +0 pair of gloves
Will    .....                    (no boots) Stlth
                                 k - amulet of magic regeneration
HPRegen 0.29/turn                m - ring of resist corrosion
MPRegen 0.51/turn                (no ring)

@: heavily drained
A: no striking features
a: no special abilities


You were on level 5 of the Dungeon.
You visited 1 branch of the dungeon, and saw 6 of its levels.

You collected 290 gold pieces.
You spent 70 gold pieces at shops.

Inventory:

Hand Weapons
 a - a +0 war axe (weapon)
Missiles
 g - 8 poisoned darts (quivered)
Armour
 b - a +0 scale mail (worn)
 c - a +0 buckler (worn)
 q - a +0 cloak (worn)
 t - a +0 pair of gloves (worn)
Jewellery
 k - an amulet of magic regeneration (around neck)
 m - a ring of resist corrosion (left hand)
 r - a +4 ring of protection
Wands
 x - a wand of paralysis (8)
Scrolls
 f - 4 scrolls of identify {unknown}
 j - a scroll of blinking {unknown}
 n - 3 scrolls of fear {unknown}
 o - a scroll of magic mapping {unknown}
 v - a scroll of poison {unknown}
 w - 2 scrolls of vulnerability {unknown}
Potions
 d - 2 potions of might
 e - 2 potions of flight {unknown}
 h - 3 potions of degeneration {unknown}
 i - a potion of berserk rage {unknown}
 l - a potion of heal wounds
 p - 3 potions of mutation {unknown}
 s - a potion of cancellation {unknown}
 u - 2 potions of brilliance {unknown}


   Skills:
 - Level 3.6 Fighting
 * Level 12.0 Axes
 - Level 3.2 Armour
 - Level 3.2 Shields


You had 7 spell levels left.
You didn't know any spells.
Your spell library contained the following spells:

 Spells                   Type           Power      Damage    Failure   Level
 Ozocubu's Armour         Ice            0%         N/A       99%         3
 Ozocubu's Refrigeration  Ice            0%         4d7       100%        7


Dungeon Overview and Level Annotations

Branches:
Dungeon (6/15)
 Temple: D:4-7

Altars:
Gozag
Vehumet

Shops:
D:2 *(=*:


Message History

The wight hits you but does no damage.
You barely miss the wight.
The wight is severely damaged.
The wight hits you but does no damage.
You barely miss the wight.
The wight is heavily damaged.
The wight hits you but does no damage.
You barely miss the wight.
The wight is heavily damaged.
The wight hits you but does no damage.
You closely miss the wight.
The wight is heavily damaged.
The wight closely misses you.
You slash the wight!
You destroy the wight!
Your Axes skill increases to level 12!
You hit the wight but do no damage. The wight hits you with a +5 mace.
You barely miss the wight. The wight hits you with a +5 mace.
You feel drained. The wight attacks as you move away!
The wight hits you with a +5 mace.
You feel drained.
You see here a scroll labelled POFUOR PILI.
The wight attacks as you move away! The wight hits you but does no damage.
You see here an adder corpse.
The wight attacks as you move away! The wight hits you with a +5 mace.
You feel drained.
There is a stone staircase leading up here.
You hit the wight but do no damage. The wight hits you with a +5 mace!
You hit the wight but do no damage. The wight hits you with a +5 mace!
* * * LOW HITPOINT WARNING * * *
You feel drained.
* * * LOW HITPOINT WARNING * * *
You hear a splashing noise.
The wight hits you with a +5 mace.
* * * LOW HITPOINT WARNING * * *
You climb upwards.
There is a stone staircase leading down here.
You hit the wight but do no damage. The wight hits you with a +5 mace!
* * * LOW HITPOINT WARNING * * *
You feel drained.
You die...

...# #......#
...###......#...
............#...
.......####.#...
.......# #.#...
.......# #.# ..
.......# #.#
#.##+# .......#
#.# #..#.#
.......# #.# #@..#
.......####.#
#z###
............# #.#
.......###### #.#
.......# #.#
.......# #.#
.......#########.#
##...............#
#################


You could see a wight.

Vanquished Creatures
  2 black bears (D:5)
  The ghost of Arximoufas the Conjurer, an amateur TeCj of the Shining One (D:4)
  A scorpion (D:5)
  A wight (D:6)
  2 jellies
  4 hounds
  Crazy Yiuf (D:3)
  5 orc wizards
  3 gnolls (D:5)
  8 adders
  2 white imps (D:5)
  An ufetubus (D:5)
  3 worms
  3 dart slugs
  12 orcs
  5 ball pythons
  5 bats
  9 endoplasms
  6 giant cockroaches
  8 goblins
  7 hobgoblins
  7 jackals
  9 quokkas
  5 frilled lizards
  11 kobolds
  6 rats
127 creatures vanquished.

Vanquished Creatures (others)
  11 fungi
  21 plants
32 creatures vanquished.

Grand Total: 159 creatures vanquished

Notes
Turn   | Place    | Note
-------+----------+-------------------------------------------
     0 | D:1      | DeathSun the Hill Orc Fighter began the quest for the Orb.
     0 | D:1      | Reached XP level 1. HP: 19/19 MP: 1/1
    28 | D:1      | Reached skill level 3 in Axes
   100 | D:1      | Reached XP level 2. HP: 26/26 MP: 2/2
   307 | D:1      | Reached skill level 4 in Axes
   563 | D:1      | Reached XP level 3. HP: 31/31 MP: 3/3
   865 | D:2      | Identified the +9 dagger of the Five Mouths {pain, Str+3}
   911 | D:2      | Reached skill level 5 in Axes
   921 | D:2      | Found Datocoun's Antique Weapon Emporium.
  1088 | D:2      | Found Tankuf's Book Shop.
  1108 | D:2      | Found Kaporgh's Assorted Antiques.
  1125 | D:2      | Found Zediust's Jewellery Boutique.
  1133 | D:2      | Reached XP level 4. HP: 39/39 MP: 4/4
  1155 | D:2      | Found a faded altar of an unknown god.
  1390 | D:2      | Found Lueceho's General Store.
  1395 | D:2      | Bought a potion of heal wounds for 70 gold pieces
  1506 | D:3      | Reached skill level 6 in Axes
  1734 | D:3      | Found an opulent altar of Gozag.
  2133 | D:3      | Found a runed translucent door.
  2134 | D:3      | Noticed Crazy Yiuf
  2494 | D:3      | Killed Crazy Yiuf
  2495 | D:3      | Reached skill level 7 in Axes
  2495 | D:3      | Reached XP level 5. HP: 34/45 MP: 5/5
  2688 | D:4      | Found a runed translucent gate.
  2846 | D:4      | Found a radiant altar of Vehumet.
  3166 | D:4      | Found a runed translucent gate.
  3166 | D:4      | Found a runed translucent gate.
  3168 | D:4      | Noticed Arximoufas's ghost (amateur TeCj)
  3452 | D:4      | Reached skill level 8 in Axes
  3452 | D:4      | Reached XP level 6. HP: 50/51 MP: 6/6
  3598 | D:5      | Entered Level 5 of the Dungeon
  3609 | D:5      | Noticed a two-headed ogre
  3648 | D:5      | Noticed a black bear
  3791 | D:5      | Reached skill level 9 in Axes
  3858 | D:5      | Noticed a black bear
  3868 | D:5      | Killed a black bear
  3869 | D:5      | Reached XP level 7. HP: 47/57 MP: 7/7
  3983 | D:4      | Reached skill level 10 in Axes
  4142 | D:4      | Killed Arximoufas's ghost
  4378 | D:5      | Reached skill level 11 in Axes
  4686 | D:5      | Reached XP level 8. HP: 40/64 MP: 8/8
  4799 | D:6      | Reached skill level 12 in Axes
  4808 | D:5      | HP: 1/56 [wight/+5 mace (8)]
  4808 | D:5      | Slain by a wight

Illustrated notes

Levels and vault maps discovered:
D:1:      saegor_arrival_simple_a, layout_basic
D:2:      layout_basic, dreamdust_ecumenical_altar_grove, serial_shops, shop,
          shop, nicolae_square_shop, shop, nicolae_shop_waterfront
D:3:      layout_loops_ring, grunt_gozag_breadcrumbs, chequers_big_river,
          chequers_jeans, st_stairs_10, uniq_crazy_yiuf_cottage
D:4:      minmay_chambers_of_threes, layout_gridville, lemuel_doored_altar,
          gammafunk_ghost_split, minmay_misc_feat_rows
D:5:      minmay_clustersquares, layout_basic, lemuel_crystal_altar,
          minmay_misc_feat_plants
D:6:      layout_rooms, mainiacjoe_overflow_catwalk,
          mainiacjoe_overflow_surrounded_room, mainiacjoe_overflow_alcove_2,
          minmay_temple_entry_junction_2, serial_aquarium,
          aquarium_bridge_straight [aquarium_subvault_bridge,
          aquarium_subvault_window, aquarium_subvault_bridge,
          aquarium_subvault_wall], aquarium_bridge_square
          [aquarium_subvault_wall, aquarium_subvault_wall,
          aquarium_subvault_bridge, aquarium_subvault_bridge],
          aquarium_window_2, aquarium_window_2, aquarium_view_2d,
          aquarium_pool_1, serial_bayou_pond_c, minmay_ogre_servants

Skill      XL: |  1  2  3  4  5  6  7  8 |
---------------+-------------------------+-----
Axes           | 3 4 5 7 8 9 11 12 | 12.0
Fighting       | |  3.6
Armour         | |  3.2
Shields        | |  3.2

Action                     |  1- 3 |  4- 6 |  7- 9 || total
---------------------------+-------+-------+-------++-------
  Melee: War axe           |   114 |   190 |   111 ||   415
  Throw: Dart              |       |     2 |     5 ||     7
    Use: Potion            |       |     1 |       ||     1
 Armour: Scale mail        |    46 |    79 |    63 ||   188
  Dodge: Dodged            |    45 |    73 |    46 ||   164
  Block: Buckler           |    25 |    41 |    19 ||    85

Table legend: (Time is in decaauts)
 A = Elapsed time spent in this place.
 B = Non-inter-level travel time spent in this place.
 C = Inter-level travel time spent in this place.
 D = Time resting spent in this place.
 E = Time spent auto-exploring this place.
 F = Levels seen in this place.
 G = Mean time per level.
                   A        B        C        D        E       F      G
               +--------+--------+--------+--------+--------+-----+--------+
         Total |   4893 |   4680 |    213 |      0 |   3591 |   6 |  815.5 |
       Dungeon |   4893 |   4680 |    213 |      0 |   3591 |   6 |  815.5 |
               +--------+--------+--------+--------+--------+-----+--------+

Top non-repeatable levels by time:
     D:4: 1384 daAuts
     D:3: 1161 daAuts
     D:1: 869 daAuts
     D:5: 751 daAuts
     D:2: 672 daAuts
     D:6: 54 daAuts
